 Dungeon Crawl Stone Soup version 0.31-a0-277-g31ea1f65cc (webtiles) character file.

Game seed: 8821598134815323692

693 promet the Magician (level 7, -9/40 HPs)
             Began as a Deep Elf Air Elementalist on July 15, 2023.
             Mangled by Menkaure (21 damage)
             ... on level 6 of the Dungeon.
             The game lasted 00:32:14 (6514 turns).

promet the Magician (Deep Elf Air Elementalist)     Turns: 6514, Time: 00:32:14

Health: -9/40      AC:  4    Str: 14    XL:     7   Next: 37%
Magic:  12/17      EV: 12    Int: 20    God:
Gold:   2251       SH:  0    Dex: 11    Spells: 3/17 levels left

rFire   . . .        b - +7 sling "Egeroph" {freeze, Str+7 Dex-4 SInv Stlth+}
rCold   . . .        (no shield)
rNeg    . . .        e - +0 robe
rPois   .            (no helmet)
rElec   .            (no cloak)
rCorr   .            (no gloves)
SInv    +            s - +1 pair of boots
Will    .....        (no amulet)
Stlth   +++          i - ring of wizardry
HPRegen 0.26/turn    (no ring)
MPRegen 0.15/turn

%: wizardry (x1)
@: no status effects
A: no striking features
a: no special abilities


You were on level 6 of the Dungeon.
You visited 1 branch of the dungeon, and saw 6 of its levels.

You collected 2251 gold pieces.

Inventory:

Hand Weapons
 a - the +1 rapier of Twilight {venom, rPois}
   (You found it on level 3 of the Dungeon)

   rPois:     It protects you from poison.
 b - the +7 sling "Egeroph" (weapon) {freeze, Str+7 Dex-4 SInv Stlth+}
   (You found it on level 4 of the Dungeon)

   Str:       It affects your strength (+7).
   Dex:       It affects your dexterity (-4).
   SInv:      It lets you see invisible.
   Stlth:     It makes you more stealthy.
 d - a +1 flail of draining
 g - a +0 short sword
Missiles
 c - 5 javelins
 h - 22 stones
 q - 5 silver javelins
Armour
 e - a +0 robe (worn)
 s - a +1 pair of boots (worn)
Jewellery
 f - a ring of ice
 i - a ring of wizardry (left hand)
Wands
 r - a wand of flame (11)
Scrolls
 k - 2 scrolls of revelation
 u - a scroll of blinking
Potions
 j - a potion of mutation {unknown}
 l - a potion of invisibility {unknown}
 m - a potion of enlightenment
 n - 2 potions of curing
 p - a potion of cancellation {unknown}
 t - a potion of ambrosia {unknown}


   Skills:
 * Level 2.8 Fighting
 + Level 1.4 Short Blades
 + Level 2.6 Ranged Weapons
 + Level 3.2 Dodging
 + Level 3.7 Stealth
 + Level 5.9 Spellcasting
 + Level 2.6 Conjurations
 * Level 1.9 Hexes
 + Level 0.4 Summonings
 + Level 4.3 Air Magic


You had 3 spell levels left.
You knew the following spells:

 Your Spells              Type           Power      Damage    Failure   Level
a - Shock                 Conj/Air       80%        1d8       1%          1
b - Static Discharge      Conj/Air       40%        2-4/arc   1%          2
c - Swiftness             Air            23%        N/A       2%          3
d - Call Imp              Summ           14%        N/A       6%          2
e - Mephitic Cloud        Conj/Pois/Air  15%        N/A       4%          3
f - Tukima's Dance        Hex            13%        N/A       6%          3

Your spell library contained the following spells:

 Spells                   Type           Power      Damage    Failure   Level
 Magic Dart               Conj           64%        1d6       1%          1
 Searing Ray              Conj           32%        2d5       2%          2
 Dazzling Flash           Conj/Hex       30%        N/A       4%          3
 Volatile Blastmotes      Fire/Tloc      10%        2d10      13%         3
 Airstrike                Air            11%        2d(2-18)  7%          4
 Fulminant Prism          Conj/Hex       7%         3d6       16%         4
 Passage of Golubria      Tloc           5%         N/A       38%         4
 Yara's Violent Unravell  Hex/Tmut       4%         3d4       58%         5
 Starburst                Conj/Fire      5%         6d4       97%         6
 Maxwell's Capacitive Co  Air            11%        ∞         100%        8


Dungeon Overview and Level Annotations

Branches:
Dungeon (6/15)
 Temple: D:4-7

Altars:

Annotations:
D:6 Menkaure


Message History

A tiny devil pulls itself out of the air.
Casting: Call Imp (safe; 6% risk of failure)
Confirm with . or Enter, or press ? or * to list all spells.
Aiming: Shock (safe; 1% risk of failure)
Press: ? - help, Shift-Dir - straight line, f/p - Menkaure
Aim: Menkaure (lightly damaged, fast, ally target, 86% to hit)
The zap hits Menkaure.
Menkaure is lightly damaged.
An ogre comes into view. It is wielding a +0 giant club.
An orc comes into view. It is wielding a +0 club.
Your cerulean imp barely misses Menkaure.
Casting: Shock (safe; 1% risk of failure)
Confirm with . or Enter, or press ? or * to list all spells.
Really attack your cerulean imp?
Your cerulean imp is struck by an arc of lightning.
Your cerulean imp completely resists.
You are struck by an arc of lightning.
Your cerulean imp is struck by an arc of lightning.
Your cerulean imp completely resists.
Menkaure is struck by an arc of lightning.
Menkaure is moderately damaged.
Your cerulean imp is struck by an arc of lightning.
Your cerulean imp resists.
Your cerulean imp is lightly wounded.
You are struck by an arc of lightning.
The lightning grounds out.
Your cerulean imp disappears in a puff of smoke!
Menkaure hits you!
You shoot a sling bullet. The sling bullet hits Menkaure!
The sling bullet freezes Menkaure.
Menkaure is severely damaged.
Menkaure barely misses you.
Menkaure calls on the powers of darkness!
The orc convulses!
The ogre convulses!
Your body is wracked with pain!
* * * LOW HITPOINT WARNING * * *
As you read the scroll labelled CYT LUFOK WIE, it crumbles to dust.
It is a scroll of enchant armour.
Your +0 pair of boots glows green for a moment.
Menkaure hits you!!
Ouch! That really hurt!
You die...

#######
.....
..>.
..#
##.#
#.@#
#oM#
#.O#
#.[#
....
###.#
... #.#


You could see an ogre, Menkaure (fast) and an orc.

Vanquished Creatures
  A black bear (D:4)
  An ogre (D:5)
  2 scorpions (D:5)
  A howler monkey (D:4)
  2 hounds (D:6)
  3 iguanas
  An orc wizard (D:4)
  A sleepcap (D:5)
  8 adders
  A white imp (D:5)
  An ufetubus (D:4)
  2 worms
  3 dart slugs
  4 orcs
  8 ball pythons
  10 bats
  6 endoplasms
  3 giant cockroaches
  6 goblins
  9 hobgoblins
  4 kobolds
  4 quokkas
  5 frilled lizards
  6 rats
92 creatures vanquished.

Vanquished Creatures (collateral kills)
  An orc (D:4)
1 creature vanquished.

Grand Total: 93 creatures vanquished

Notes
Turn   | Place    | Note
-------+----------+-------------------------------------------
     0 | D:1      | promet the Deep Elf Air Elementalist began the quest for
                  | the Orb.
     0 | D:1      | Reached XP level 1. HP: 10/10 MP: 6/6
   214 | D:1      | Identified 2 scrolls of acquirement
   214 | D:1      | Acquired 608 gold pieces
   367 | D:1      | Reached XP level 2. HP: 2/15 MP: 1/8
   432 | D:1      | Learned a level 2 spell: Static Discharge
  1508 | D:1      | Reached XP level 3. HP: 16/19 MP: 3/9
  1777 | D:2      | Acquired 1236 gold pieces
  2579 | D:3      | Identified the +1 rapier of Twilight {venom, rPois}
  2762 | D:3      | Learned a level 3 spell: Swiftness
  2882 | D:3      | You fall into a shaft and drop 2 floors!
  2882 | D:5      | Entered Level 5 of the Dungeon
  2887 | D:5      | Noticed an ogre
  2901 | D:4      | Reached skill level 4 in Spellcasting
  2901 | D:4      | Reached XP level 4. HP: 20/24 MP: 7/12
  3241 | D:4      | Learned a level 2 spell: Call Imp
  3266 | D:4      | Reached skill level 1 in Fighting
  3268 | D:4      | Reached XP level 5. HP: 16/29 MP: 7/13
  3280 | D:4      | Noticed an ogre
  4082 | D:4      | Noticed a black bear
  4094 | D:4      | Killed a black bear
  4095 | D:4      | Reached skill level 1 in Short Blades
  4095 | D:4      | Reached XP level 6. HP: 3/35 MP: 11/15
  4462 | D:4      | Learned a level 3 spell: Mephitic Cloud
  4466 | D:4      | Learned a level 3 spell: Tukima's Dance
  4732 | D:4      | Identified the +7 sling "Egeroph" {freeze, Str+7 Dex-4 SInv
                  | Stlth+}
  4951 | D:5      | Reached skill level 5 in Spellcasting
  5035 | D:5      | Reached skill level 1 in Ranged Weapons
  5035 | D:5      | Reached skill level 1 in Hexes
  5598 | D:5      | Reached XP level 7. HP: 40/40 MP: 17/17
  6508 | D:6      | Noticed Menkaure
  6514 | D:6      | Mangled by Menkaure

Illustrated notes

Levels and vault maps discovered:
D:1:      lemuel_arrival_cross, layout_basic
D:2:      layout_loops_ring
D:3:      layout_loops_ring
D:4:      layout_basic, grunt_ministairs_14
D:5:      layout_gridville
D:6:      layout_basic, mainiacjoe_overflow_big_doors, minmay_temple_entry_tees,
          serial_shops, nicolae_shop_waterfront, uniq_menkaure

Skill      XL: |  1  2  3  4  5  6  7 |
---------------+----------------------+-----
Dodging        | 3 |  3.2
Spellcasting   | 4 5 |  5.9
Conjurations   | 2 |  2.6
Fighting       | 1 2 |  2.8
Air Magic      | 4 |  4.3
Stealth        | 3 |  3.7
Short Blades   | 1 |  1.4
Ranged Weapons | 1 2 |  2.6
Hexes          | 1 |  1.9
Summonings     | |  0.4

Action                     |  1- 3 |  4- 6 |  7- 9 || total
---------------------------+-------+-------+-------++-------
  Melee: Short sword       |    13 |       |       ||    13
         Rapier            |     4 |    26 |     3 ||    33
   Fire: Sling             |       |    20 |    19 ||    39
  Throw: Javelin           |       |     1 |       ||     1
   Cast: Shock             |    67 |    46 |     2 ||   115
         Static Discharge  |    10 |    10 |     3 ||    23
         Call Imp          |       |     5 |     1 ||     6
         Tukima's Dance    |       |     2 |       ||     2
         Mephitic Cloud    |       |     1 |     2 ||     3
         Swiftness         |       |     1 |       ||     1
  Evoke: Wand              |       |       |     1 ||     1
    Use: Scroll            |    10 |     4 |     1 ||    15
         Potion            |       |     1 |       ||     1
   Stab: Sleeping          |     2 |     3 |       ||     5
         Confused          |       |     1 |     1 ||     2
 Armour: Robe              |     5 |     5 |     1 ||    11
  Dodge: Dodged            |    20 |    15 |     5 ||    40

Table legend: (Time is in decaauts)
 A = Elapsed time spent in this place.
 B = Non-inter-level travel time spent in this place.
 C = Inter-level travel time spent in this place.
 D = Time resting spent in this place.
 E = Time spent auto-exploring this place.
 F = Levels seen in this place.
 G = Mean time per level.
                   A        B        C        D        E       F      G
               +--------+--------+--------+--------+--------+-----+--------+
         Total |   6527 |   6408 |    119 |   2521 |   1313 |   6 | 1087.8 |
       Dungeon |   6527 |   6408 |    119 |   2521 |   1313 |   6 | 1087.8 |
               +--------+--------+--------+--------+--------+-----+--------+

Top non-repeatable levels by time:
     D:5: 1727 daAuts
     D:1: 1629 daAuts
     D:4: 1374 daAuts
     D:3: 961 daAuts
     D:2: 775 daAuts
     D:6: 59 daAuts
